menche, lawful male human Samurai ------------- ----- ------------ |...........| |>..| |...)......| |.......*...| -...| ##|..........| |...........| #|....#####|.......*..| |...........| #....| ### --.--------- |..<........| -------------# ###----- # ##### -.----------- |`.........`+############## # #########` |.....`.....|# #)# ### # -...-----...|# # # # |...|B@.|...|###)################### ## # |..`.%@{|`..|# --.---|- # |...|.{.|..%|# |....*.| # |...-----..)-# |......| ### |.....`.....| |......| # |`.........`| -...[..| -----|--- ------------- |......| |.......- -------- |......+| --------- menche the Ninja Experience level: 7 Strength: 17 Dexterity: 17 Constitution: 18 Intelligence: 10 Wisdom: 9 Charisma: 9 Health: 0(72) Energy: 29(29) Def: 11 Gold: 1599 Moves: 2827 Dungeon seed: CACS3BMzkVC1MKfS Game ID: menche_1466123512 Your Inventory: Coins $ - 1599 gold pieces Amulets q - an uncursed amulet of ESP Weapons a - a corroded +0 katana (weapon in hand) b - a blessed +0 wakizashi (alternate weapon; not wielded) c - a blessed +0 yumi d - 22 +0 ya (in quiver) I - a +0 long sword Armor e - an uncursed rustproof +0 splint mail (being worn) n - a blessed +2 orcish helm (being worn) z - an uncursed +0 pair of high boots (being worn) Comestibles o - an uncursed gunyoki r - an uncursed lembas wafer H - an uncursed slime mold K - an uncursed lichen corpse Scrolls l - an uncursed scroll of enchant armor y - a blessed scroll of enchant weapon B - 2 uncursed scrolls of blank paper C - 3 uncursed scrolls of identify Potions g - a cursed potion of sickness j - a cursed potion of invisibility m - an uncursed potion of paralysis p - an uncursed potion of restore ability s - an uncursed potion of monster detection F - an uncursed potion of sickness G - a potion of unholy water J - a cursed potion of fruit juice Rings D - an uncursed ring of free action Wands h - a wand of undead turning (0:3) w - a wand of cancellation (0:3) A - a wand of cold (0:4) Tools f - an uncursed blindfold t - an uncursed stethoscope v - 6 uncursed tallow candles (0:200) E - an uncursed bugle Spells and supernatural/magical abilities: Name Level Category Fail Memory W - pray for help -- divine ? -- Your skills at the end: Fighting Skills martial arts [Basic] Weapon Skills short sword [Basic] long sword [Basic] bow [Basic] Spellcasting Skills Final Attributes: You were piously aligned. You were fast. You are dead. Vanquished creatures: a human mummy 2 leprechauns a dog 2 housecats 4 Mordor orcs a pony a fog cloud a shrieker 2 gnome lords a barrow wight a paper golem 3 giant ants a giant bat a werejackal 2 iguanas 3 acid blobs 2 coyotes 3 giant rats 4 yellow molds a red mold 3 gnomes 3 geckos a jackal a fox a kobold 2 goblins 7 grid bugs 5 lichens 2 kobold zombies 5 newts 67 creatures vanquished. Voluntary challenges: You used a wielded weapon 123 times, starting on turn 35. You read items or engraved 4 times, starting on turn 1425. You never genocided any monsters. You never polymorphed an object. You never changed form. You used no wishes. You never split a pudding. You wrote Elbereth's name 4 times, starting on turn 1425. You never violated your personal moral code. Dungeon overview: The Dungeons of Doom: levels 1 to 9 Level 1 some fountains a long staircase Level 2 an altar to Susanowo, a fountain Level 3 a fountain Level 4 a fountain a long staircase Level 5 a fountain Level 6 a fountain Level 7 a fountain Level 8 <- You were here many fountains Level 9 a long staircase History has recorded: On T:1 you entered the Dungeons of Doom to retrieve the Amulet of Yendor! On T:100 you reached level 2 of The Dungeons of Doom. On T:289 you advanced to experience level 2. On T:376 you reached level 3 of The Dungeons of Doom. On T:637 you advanced to experience level 3. On T:722 you reached level 4 of The Dungeons of Doom. On T:1013 you reached level 5 of The Dungeons of Doom. On T:1051 you advanced to experience level 4. On T:1337 you reached level 6 of The Dungeons of Doom. On T:1546 you reached level 7 of The Dungeons of Doom. On T:1589 you reached level 8 of The Dungeons of Doom. On T:1701 you advanced to experience level 5. On T:2120 you reached level 9 of The Dungeons of Doom. On T:2251 you advanced to experience level 6. On T:2688 you received advice from The Oracle. On T:2748 you advanced to experience level 7. Score breakdown: Gold: 1599 (10899 points) Experience: 7 levels (13645 points) Exploration: 9 levels ( 17.65%) (12000 points) Discoveries: 3 items ( 1.22%) ( 3312 points) Valuables value: (no points given unless you survive) Artifact value: 0 ( 0 points) Variety of kills: 30 monsters ( 7.87%) ( 8418 points) Turncount: 2827 turns ( -512 points) Survival: died (score multiplied by 80%) Total score: 38209 Latest messages: You hit the vampire bat. The vampire bat bites! (4x) You see here a statue of a plains centaur. You miss the human mummy. The human mummy hits! (2x) You hit the human mummy! The human mummy misses. (2x) You miss the human mummy. The human mummy hits! (2x) You hit the human mummy! The human mummy misses. The human mummy hits! You write in the dust with your fingers. Never mind. You write in the dust with your fingers. The human mummy turns to flee! You stop searching. You hit the human mummy! The human mummy hits! (2x) You destroy the human mummy! The vampire bat bites! You die... Final status: Sayonara menche the Samurai, killed by a vampire bat... You died in The Dungeons of Doom on dungeon level 8 with 38209 points, and 1599 pieces of gold, after 2827 moves. You were level 7 with a maximum of 72 hit points when you died.